 Dungeon Crawl Stone Soup version 0.21-a0-286-g6fcecc0 (webtiles) character file.

23 Ijustatesigmund the Skirmisher (level 2, -4/21 HPs)
             Began as an Octopode Fighter on Sept 28, 2017.
             Slain by a gnoll
             ... wielding a +0 club
              (8 damage)
             ... on level 2 of the Dungeon.
             The game lasted 00:01:48 (561 turns).

Ijustatesigmund the Skirmisher (Octopode Fighter)    Turns: 561, Time: 00:01:49

Health: -4/21      AC:  1    Str: 20    XL:     2   Next: 95%
Magic:  2/2        EV: 11    Int: 10    God:
Gold:   22         SH:  9    Dex: 11    Spells: 1/1 levels left

rFire    . . .     SeeInvis .   a - +0 flail
rCold    . . .     Gourm    .   b - +0 shield
rNeg     . . .     Faith    .   (helmet restricted)
rPois    .         Spirit   .   (no amulet)
rElec    .         Reflect  .   (no ring)
rCorr    .         Harm     .   (no ring)
MR       .....                  (no ring)
Stlth    ++........             (no ring)
HPRegen  0.07/turn              (no ring)
MPRegen  0.08/turn              (no ring)
                                (no ring)
                                (no ring)

@: mighty
A: almost no armour, stealthy swim, amphibious, 8 rings, constrict 8, camouflage
1, gelatinous body 1
a: no special abilities


You were on level 2 of the Dungeon.
You were not hungry.

You visited 1 branch of the dungeon, and saw 2 of its levels.

You collected 22 gold pieces.

Inventory:

Hand Weapons
 a - a +0 flail (weapon)
Armour
 b - a +0 shield (worn)
Scrolls
 f - a scroll of remove curse {unknown}
Potions
 c - a potion of might
 e - a potion of brilliance
Comestibles
 d - 2 bread rations


   Skills:
 + Level 3.4 Fighting
 * Level 2.9 Maces & Flails
 - Level 3.0 Dodging
 - Level 3.0 Shields


You had one spell level left.
You didn't know any spells.

Dungeon Overview and Level Annotations

Branches:
Dungeon (1/15)

Altars:


Innate Abilities, Weirdness & Mutations

You cannot wear most types of armour.
You are very stealthy in the water. (Stealth+)
You are amphibious.
You can wear up to eight rings at the same time.
You can use your tentacles to constrict eight enemies at once.
Your skin changes colour to match your surroundings (Stealth+).
Your rubbery body absorbs attacks. (AC +1, EV +1)


Message History

The gnoll hits you with a club!
* * * LOW HITPOINT WARNING * * *
The gnoll barely misses you.
You are too injured to fight recklessly!
You are too injured to fight recklessly!
You are too injured to fight recklessly!
You are too injured to fight recklessly!
You are too injured to fight recklessly!
You are too injured to fight recklessly!
You are too injured to fight recklessly!
You are too injured to fight recklessly!
You are too injured to fight recklessly!
You are too injured to fight recklessly!
You are too injured to fight recklessly!
You are too injured to fight recklessly!
You feel very mighty all of a sudden. The gnoll barely misses you.
You block the gnoll's attack.
You barely miss the gnoll. Your grab misses the gnoll.
The gnoll hits you with a club!
You die...

##.......+
##.#...####
#.#...## ##...##
##.## #.# #+#
#.# #.# #.# #g#
#.# #######@##
#.#
##..^##..g####
#.#
##.###..........
#.###.##
##.....####
#.†...#
#........
#####.#
#...#.##.. ##.#
....#.# #
#...##.%#.# ###
##.#


You could see 2 gnolls.

Vanquished Creatures
  A gnoll (D:2)
  2 bats (D:1)
  3 giant cockroaches
  2 goblins
  3 frilled lizards
  2 rats (D:1)
13 creatures vanquished.

Notes
Turn   | Place    | Note
-------+----------+-------------------------------------------
     0 | D:1      | Ijustatesigmund the Octopode Fighter began the quest for the Orb.
     0 | D:1      | Reached XP level 1. HP: 16/16 MP: 1/1
   202 | D:1      | Reached XP level 2. HP: 8/21 MP: 2/2
   495 | D:1      | You fall through a shaft!
   561 | D:2      | Slain by a gnoll

Vault maps used:
D:1:      onia_arrival_mini_maze_b
D:2:      first_bread, grunt_decor_one_mirror, uniq_robin

Action                   || total
-------------------------++-------
Melee: Flail             ||    28
       Constrict         ||     9
       Tentacles         ||     2
  Use: Scroll            ||     2
       Potion            ||     1
 Stab: Sleeping          ||     2
Armor: Skin              ||     2
Dodge: Dodged            ||    16
Block: Shield            ||    12

Table legend:
 A = Spawn XP
 B = Non-spawn XP
 C = Spawn XP percentage of total XP
 D = Spawn monster count
 E = Non-spawn monster count
 F = Spawn count percentage of total count
 G = Total turns spent on level
                    A         B        C        D         E        F      G
               +---------+---------+-------+---------+---------+-------+---------
         Total |       0 |      33 |   0.0 |       0 |      13 |   0.0 |   561
               +---------+---------+-------+---------+---------+-------+---------
           D:1 |       0 |      13 |   0.0 |       0 |       9 |   0.0 |   495
           D:2 |       0 |      20 |   0.0 |       0 |       4 |   0.0 |    66
               +---------+---------+-------+---------+---------+-------+---------
